 Dungeon Crawl Stone Soup version 0.32-a0-560-g4c7f4391e0 (webtiles) character file.

Game seed: 78683870977831772

3609 BeKind the Fighter (level 9, -1/84 (85) HPs)
             Began as a Minotaur Berserker on Feb 29, 2024.
             Was an Elder of Trog.
             Slain by a killer bee (7 damage)
             ... on level 7 of the Dungeon.
             The game lasted 00:18:22 (8952 turns).

BeKind the Fighter (Minotaur Berserker)             Turns: 8952, Time: 00:18:23

HP:   -1/84 (85)    AC: 14    Str: 26    XL:     9   Next: 86%
MP:   8/8           EV:  9    Int:  4    God:    Trog [****..]
Gold: 376           SH:  0    Dex: 10    Spells: 8/8 levels left

rFire   . . .        a - +0 falchion
rCold   . . .        (no shield)
rNeg    . . .        v - +0 plate armour
rPois   .            (helmet restricted)
rElec   .            (no cloak)
rCorr   .            (no gloves)
SInv    .            (no boots)
Will    .....        f - amulet of magic regeneration Stlth
                     (no ring)
HPRegen 0.34/turn    (no ring)
MPRegen 0.51/turn

%: no passive effects
@: lethally poisoned (-1 -> -17), on berserk cooldown, attractive, slowed,
lightly drained, very slow
A: horns 2, retaliatory headbutt
a: Renounce Religion, Berserk, Trog's Hand, Brothers in Arms


You were on level 7 of the Dungeon.
You worshipped Trog.
Trog was greatly pleased with you.
You visited 1 branch of the dungeon, and saw 7 of its levels.
You also visited: Ossuary.

You collected 376 gold pieces.

Inventory:

Hand Weapons
 a - a +0 falchion (weapon)
 o - a +2 hammer of protection
Missiles
 d - 33 stones (quivered)
 e - 2 throwing nets
Armour
 v - a +0 plate armour (worn)
Jewellery
 f - an amulet of magic regeneration (around neck)
 y - a ring of magical power
Wands
 p - a wand of light (7)
Scrolls
 c - 2 scrolls of enchant armour
 h - a scroll of vulnerability
 i - 2 scrolls of enchant weapon
 q - a scroll of immolation
 z - 2 scrolls of brand weapon
 B - a scroll of poison
 C - 2 scrolls of fog {unknown}
Potions
 b - 4 potions of lignification {unknown}
 g - 3 potions of invisibility {unknown}
 j - 2 potions of attraction
 k - 2 potions of heal wounds {unknown}
 l - 2 potions of brilliance {unknown}
 m - a potion of berserk rage {unknown}
 r - 3 potions of might {unknown}
 s - 2 potions of ambrosia {unknown}
 t - a potion of haste {unknown}
 u - 6 potions of curing {unknown}
 w - 3 potions of degeneration {unknown}
 x - a potion of mutation {unknown}
 A - a potion of enlightenment {unknown}


   Skills:
 + Level 10.2 Fighting
 - Level 5.0 Long Blades
 - Level 4.3 Throwing
 + Level 9.8 Armour
 + Level 7.7 Dodging


You had 8 spell levels left.
You didn't know any spells.
Your spell library was empty.

Dungeon Overview and Level Annotations

Branches:
Dungeon (7/15)             Temple (0/1) D:5         Ossuary (visited)

Altars:
Hepliaklqana
Kikubaaqudgha
Ru
Uskayaw
Wu Jian
Zin

Shops:
D:1 *   D:2 *   D:3 *   D:4 [


Innate Abilities, Weirdness & Mutations

You have a pair of horns on your head.
You reflexively headbutt those who attack you in melee.


Message History

You feel sick.
The killer bee stings you but does no damage. x2
Things that are here:
a +0 trident; a +0 robe You closely miss the killer bee.
Your headbutt misses the killer bee.
You feel sick. The killer bee barely misses you. You furiously retaliate!
You headbutt the killer bee, but do no damage.
The killer bee stings you but does no damage.
The killer bee stings you.
* * * LOW HITPOINT WARNING * * *
The killer bee stings you.
* * * LOW HITPOINT WARNING * * *
The killer bee stings you but does no damage.
The killer bee barely misses you. The killer bee stings you.
* * * LOW HITPOINT WARNING * * *
You are more poisoned.
The killer bee poisons you! The killer bee barely misses you.
You furiously retaliate!
You headbutt the killer bee! You barely miss the killer bee.
The killer bee is almost dead.
You feel very sick.
The killer bee stings you but does no damage.
The killer bee stings you.
* * * LOW HITPOINT WARNING * * *
The killer bee barely misses you. You furiously retaliate!
You headbutt the killer bee!
The killer bee stings you but does no damage. x2
The killer bee barely misses you.
Okay, then.
Okay, then.
You closely miss the killer bee. You headbutt the killer bee.
You kill the killer bee!
Trog accepts your kill.
You feel very sick. The killer bee stings you.
* * * LOW HITPOINT WARNING * * *
You are lethally poisoned!
The killer bee poisons you! The killer bee barely misses you.
The killer bee stings you!
You die...

......#........#....
......##.###........ .....
#..##...#..... ....
....#...##..### ... ...
##.#........## .... ...#
####.......# #.... ...##
##...#....#####.....
....###...###..)##.#......
.....#..#......y@.........
........#.......#.........
........###...###)..##...
.....#######........##
....##...####........#
...##.....##(.......##
...#.......#........#
...#..._.....##..#..#
...#.......#.########


You could see a killer bee.

Vanquished Creatures
  A hornet (D:7)
  The ghost of lupinibeans the Grave Robber, an amateur DsNe (D:4)
  Menkaure (D:6)
  A water moccasin (D:5)
  3 ice beasts (D:6)
  An orc warrior (D:6)
  3 phantoms
  A centaur (D:6)
  A kobold brigand (D:5)
  2 bullfrogs (D:7)
  3 scorpions
  4 water moccasin zombies
  A burial acolyte (Ossuary)
  5 wights (D:7)
  4 killer bees
  3 vampire bats (D:7)
  2 howler monkeys
  3 jellies
  A bombardier beetle (D:5)
  5 hounds
  3 orc priests
  Crazy Yiuf (D:2)
  2 gnoll boudas
  2 sleepcaps (D:6)
  2 orc wizards
  4 iguanas
  2 crocodile zombies (Ossuary)
  3 mummies
  A howler monkey zombie (D:4)
  11 gnolls
  A howler monkey skeleton (D:4)
  11 adders
  3 shadow imps
  A white imp (D:7)
  5 adder zombies (Ossuary)
  A dart slug (D:3)
  2 ribbon worms
  18 orcs
  3 bats
  3 bat skeletons (D:7)
  3 bat zombies (D:7)
  3 endoplasms
  4 giant cockroaches
  8 goblins
  6 hobgoblins
  3 quokkas
  5 ball pythons
  3 frilled lizards
  8 gnoll zombies (Ossuary)
  4 jackal zombies (Ossuary)
  14 kobolds
  3 orc zombies (Ossuary)
  2 rats
191 creatures vanquished.

Notes
Turn   | Place    | Note
-------+----------+-------------------------------------------
     0 | D:1      | BeKind the Minotaur Berserker began the quest for the Orb.
     0 | D:1      | Reached XP level 1. HP: 19/19 MP: 0/0
   278 | D:1      | Found Ygaohois's General Store.
   335 | D:1      | Reached XP level 2. HP: 27/27 MP: 1/1
  1124 | D:2      | Reached skill level 4 in Fighting
  1124 | D:2      | Reached XP level 3. HP: 18/33 MP: 2/2
  1264 | D:2      | Reached skill level 1 in Throwing
  1302 | D:2      | Reached XP level 4. HP: 25/40 MP: 3/3
  1449 | D:2      | Found Uba Duiwk's Assorted Antiques.
  1478 | D:2      | Reached ** piety under Trog
  1620 | D:2      | Found a runed translucent door.
  1621 | D:2      | Noticed Crazy Yiuf
  1629 | D:2      | Killed Crazy Yiuf
  1630 | D:2      | Reached XP level 5. HP: 47/47 MP: 4/4
  1882 | D:3      | Found Zin's Purification Station.
  1883 | D:3      | Found a glowing silver altar of Zin.
  2445 | D:4      | Found Ynaes's Armour Boutique.
  2455 | D:4      | Reached skill level 5 in Fighting
  2455 | D:4      | Reached skill level 5 in Long Blades
  2455 | D:4      | Reached XP level 6. HP: 48/56 MP: 5/5
  2613 | D:4      | Found a transporter.
  2616 | D:4      | Noticed lupinibeans's ghost (amateur DsNe)
  2945 | D:4      | Found a sand-covered staircase.
  2954 | Ossuary  | Entered an ossuary
  2984 | Ossuary  | Reached skill level 5 in Armour
  3156 | Ossuary  | Reached XP level 7. HP: 62/62 MP: 6/6
  3275 | Ossuary  | Reached *** piety under Trog
  3276 | Ossuary  | Reached skill level 6 in Fighting
  3966 | D:4      | Found a transporter.
  4096 | D:5      | Entered Level 5 of the Dungeon
  4275 | D:5      | Found a staircase to the Ecumenical Temple.
  4365 | D:5      | Found a sacrificial altar of Ru.
  4386 | D:5      | Found a hide-covered altar of Uskayaw.
  4858 | D:5      | Reached skill level 7 in Fighting
  4858 | D:5      | Reached XP level 8. HP: 73/73 MP: 7/7
  5751 | D:4      | Killed lupinibeans's ghost
  5752 | D:4      | Reached skill level 8 in Fighting
  5752 | D:4      | Reached skill level 5 in Dodging
  6477 | D:6      | Reached XP level 9. HP: 50/82 MP: 8/8
  7250 | D:6      | Noticed Menkaure
  7258 | D:6      | Killed Menkaure
  7259 | D:6      | Reached skill level 9 in Fighting
  7436 | D:6      | Found an ornate altar of the Wu Jian Council.
  8832 | D:7      | Found an ancient bone altar of Kikubaaqudgha.
  8842 | D:7      | Reached **** piety under Trog
  8843 | D:7      | Reached skill level 10 in Fighting
  8888 | D:7      | Found a hazy altar of Hepliaklqana.
  8952 | D:7      | Slain by a killer bee

Illustrated notes

Levels and vault maps discovered:
D:1:      dpeg_arrival_circle_labyrinth_c, layout_loops_ring, serial_shops,
          nicolae_shop_tiny_statue_garden
D:2:      minmay_door_path, layout_loops_ring, serial_shops, shop,
          minmay_cut_off, uniq_crazy_yiuf_cottage
D:3:      layout_loops_ring, zin_purify
D:4:      layout_cave_pods, gammafunk_ghost_mausoleum, serial_shops,
          nicolae_square_shop, enter_ossuary_1
D:5:      layout_cave_pools, mainiacjoe_overflow_boulevard,
          nicolae_uskayaw_dance_hall, minmay_temple_entry_hall, st_stairs_5,
          grunt_ministairs_15
D:6:      layout_basic, nzn_wu_jian_contemplation, uniq_menkaure
D:7:      layout_cave_pools, kennysheep_vampire_church, lemuel_round_altar,
          nicolae_overflow_hidden_temple

Skill      XL: |  1  2  3  4  5  6  7  8  9 |
---------------+----------------------------+-----
Fighting       | 4 5 7 8 10 | 10.2
Long Blades    | 4 5 |  5.0
Throwing       | 1 2 3 4 |  4.3
Armour         | 3 4 5 6 8 9 |  9.8
Dodging        | 3 5 7 |  7.7

Action                     |  1- 3 |  4- 6 |  7- 9 || total
---------------------------+-------+-------+-------++-------
  Melee: Falchion          |    52 |   162 |   345 ||   559
         Headbutt          |     9 |    32 |    69 ||   110
  Throw: Stone             |       |     9 |    42 ||    51
 Invoke: Berserk           |     1 |     7 |    16 ||    24
    Use: Scroll            |       |     5 |     3 ||     8
         Potion            |       |       |     1 ||     1
 Armour: Animal skin       |    16 |       |       ||    16
         Ring mail         |    12 |    55 |       ||    67
         Plate armour      |       |   129 |   380 ||   509
  Dodge: Dodged            |    54 |   105 |   197 ||   356

Table legend: (Time is in decaauts)
 A = Elapsed time spent in this place.
 B = Non-inter-level travel time spent in this place.
 C = Inter-level travel time spent in this place.
 D = Time resting spent in this place.
 E = Time spent auto-exploring this place.
 F = Levels seen in this place.
 G = Mean time per level.
                   A        B        C        D        E       F      G
               +--------+--------+--------+--------+--------+-----+--------+
         Total |   9189 |   8547 |    642 |   3160 |   4144 |   8 | 1148.6 |
       Dungeon |   8633 |   7991 |    642 |   2990 |   3933 |   7 | 1233.3 |
       Ossuary |    555 |    555 |      0 |    169 |    211 |   1 |  555.0 |
               +--------+--------+--------+--------+--------+-----+--------+

Top non-repeatable levels by time:
     D:6: 2020 daAuts
     D:4: 1756 daAuts
     D:5: 1597 daAuts
     D:1: 1118 daAuts
     D:3: 765 daAuts
     D:7: 761 daAuts
     D:2: 613 daAuts
 Ossuary: 555 daAuts
